 Dungeon Crawl Stone Soup version 0.14.2 (webtiles) character file.

301 delio the Cudgeler (level 5, 0/46 HPs)
             Began as a Minotaur Berserker on July 22, 2018.
             Was a Believer of Trog.
             Slain by an iguana (11 damage)
             ... on Level 4 of the Dungeon.
             The game lasted 00:12:33 (1857 turns).

delio the Cudgeler (Minotaur Berserker)             Turns: 1857, Time: 00:12:33

HP   0/46        AC  2     Str 23      XL: 5   Next: 88%
MP   1/1         EV 12     Int  4      God: Trog [**....]
Gold 50          SH  0     Dex  7      Spells:  0 memorised,  4 levels left

rFire  . . .     SeeInvis .     a - +0 mace
rCold  . . .     Clarity  .     b - +0 animal skin
rNeg   . . .     Conserve .     (no shield)
rPois  .         rCorr    .     (helmet restricted)
rElec  .         rRot     .     (no cloak)
SustAb . .       Spirit   .     (no gloves)
rMut   .         Warding  .     (no boots)
Saprov . . .     Stasis   .     (no amulet)
MR     .....                    (no ring)
                                (no ring)

@: not resistant to hostile enchantments, very unstealthy
A: retaliatory headbutt, horns 2, clumsy 1, low mp 1, mutation resistance 1
a: Burn Spellbooks, Berserk, Trog's Hand, Renounce Religion


You were on level 4 of the Dungeon.
You worshipped Trog.
Trog was pleased with you.
You were very hungry.

You visited 1 branch of the dungeon, and saw 4 of its levels.

You collected 50 gold pieces.

Inventory:

Hand weapons
 a - a +0,+0 mace (weapon)
Armour
 b - a +0 animal skin (worn)
Magical devices
 h - a wand of flame (14) {unknown}
Comestibles
 c - a bread ration
Scrolls
 d - a scroll of fear {unknown}
 e - a scroll of remove curse
 f - a scroll of identify {unknown}
 i - a scroll of amnesia {unknown}
Jewellery
 g - an uncursed ring of ice {unknown}
Potions
 j - 2 potions of curing {unknown}


   Skills:
 - Level 4.0 Fighting
 + Level 7.6 Maces & Flails
 - Level 2.7 Armour
 - Level 2.4 Dodging


You had 4 spell levels left.
You didn't know any spells.

Dungeon Overview and Level Annotations

Branches:
Dungeon (4/15)
 Temple: D:4-7

Altars:
Cheibriados

Annotations:
D:3 รน


Innate Abilities, Weirdness & Mutations

You reflexively headbutt those who attack you in melee.
You have a pair of horns on your head.
You are clumsy. (Dex -2)
Your magical capacity is low (-10% MP).
You are somewhat resistant to further mutation.


Message History

You are too injured to fight recklessly!
You are too injured to fight recklessly!
You are too injured to fight recklessly!
You hit the phantom.
You destroy the phantom!
Your Maces & Flails skill increases to level 7!
Found a pair of boots.
f - a scroll labeled POGOOB IKONECO You see here 14 stones.
j - 2 inky potions An iguana comes into view.
The iguana hisses angrily.
An orc comes into view. It is wielding a hand axe.
There is a stone staircase leading up, spattered with blood here.
The iguana bites you.
* * * LOW HITPOINT WARNING * * *
You barely miss the iguana. You headbutt the iguana.
The iguana is lightly wounded.
The iguana bites you!
You die...

#.....# #####)...>#####
.................
..................
...................
....................o
......................
................!......
.........<.@l..........
######.................#
#.................#
#.................#
#?..............<$#
##................#
#..................#
#............(.....#
#..................#


You could see an iguana.

Vanquished Creatures
  A phantom (D:4)
  A black bear (D:3)
  A crimson imp (D:3)
  2 adders (D:3)
  2 orcs (D:3)
  2 giant cockroaches
  5 hobgoblins
  4 kobolds
  4 bats
  3 goblins (D:1)
  5 rats
30 creatures vanquished.

Notes
Turn   | Place    | Note
--------------------------------------------------------------
     0 | D:1      | delio, the Minotaur Berserker, began the quest for the Orb.
     0 | D:1      | Reached XP level 1. HP: 19/19 MP: 1/1
   555 | D:1      | Reached XP level 2. HP: 27/27 MP: 1/1
   621 | D:2      | Found a snail-covered altar of Cheibriados.
   670 | D:2      | Reached skill level 4 in Fighting
  1076 | D:3      | Acquired Trog's second power
  1076 | D:3      | Reached XP level 3. HP: 31/33 MP: 2/2
  1121 | D:3      | Noticed a black bear
  1142 | D:3      | Killed a black bear
  1142 | D:3      | Reached skill level 6 in Maces & Flails
  1142 | D:3      | Reached XP level 4. HP: 15/40 MP: 2/2
  1484 | D:4      | Noticed a phantom
  1502 | D:3      | Reached XP level 5. HP: 44/46 MP: 2/2
  1552 | D:4      | Gained mutation: Your magical capacity is low (-10% MP). [potion of mutation]
  1552 | D:4      | Gained mutation: You are clumsy. (Dex -2) [potion of mutation]
  1552 | D:4      | Gained mutation: You are somewhat resistant to further mutation. [potion of mutation]
  1832 | D:4      | Killed a phantom
  1832 | D:4      | Reached skill level 7 in Maces & Flails
  1857 | D:4      | Slain by an iguana

Action                   |  1- 3 |  4- 6 || total
-------------------------+-------+-------++-------
Melee: Mace              |    52 |    43 ||    95
Invok: Berserk           |     1 |     1 ||     2
  Use: Scroll            |     3 |       ||     3
       Potion            |       |     1 ||     1
 Stab: Fleeing           |     1 |       ||     1
